 Dungeon Crawl Stone Soup version 0.25-a0-842-g81a31cf (webtiles) character file.

Game seed: 11079876502977724147, levelgen mode: deterministic

172 Econoterrorist the Covert (level 5, 0/24 HPs)
             Began as a Spriggan Enchanter on Apr 24, 2020.
             Slain by a gnoll
             ... wielding a +1 spear of freezing
              (8 damage)
             ... on level 3 of the Dungeon.
             The game lasted 00:08:34 (2608 turns).

Econoterrorist the Covert (Spriggan Enchanter)      Turns: 2608, Time: 00:08:35

Health: 0/24       AC:  3    Str:  4    XL:     5   Next: 27%
Magic:  9/12       EV: 18    Int: 17    God:
Gold:   150        SH:  0    Dex: 17    Spells: 4/13 levels left

rFire    . . .     SeeInvis +   n - +0 dagger (venom)
rCold    . . .     Gourm    .   (shield restricted)
rNeg     . . .     Faith    .   b - +0 robe
rPois    .         Spirit   .   l - +1 hat
rElec    .         Reflect  .   (no cloak)
rCorr    .         Harm     .   (gloves unavailable)
MR       .....                  (boots unavailable)
Stlth    ++++......             c - amulet of magic regeneration
HPRegen  0.08/turn              (no ring)
MPRegen  0.38/turn              (no ring)

@: very quick
A: very small, unfitting armour, see invisible, herbivore, speed 3, slow
metabolism 2
a: no special abilities


You were on level 3 of the Dungeon.
You were hungry.

You visited 1 branch of the dungeon, and saw 3 of its levels.

You collected 150 gold pieces.

Inventory:

Hand Weapons
 a - a +1 dagger
 n - a +0 dagger of venom (weapon)
Armour
 b - a +0 robe (worn)
 l - a +1 hat (worn)
Jewellery
 c - an amulet of magic regeneration (around neck)
Scrolls
 g - 6 scrolls of identify
 k - 3 scrolls of teleportation {unknown}
 m - a scroll of noise {unknown}
 o - a scroll of enchant armour {unknown}
Potions
 e - a potion of curing
 f - a potion of heal wounds {unknown}
 h - a potion of cancellation {unknown}
 i - a potion of stabbing {unknown}
 j - a potion of brilliance {unknown}
Comestibles
 d - 2 rations


   Skills:
 - Level 1.1 Short Blades
 - Level 3.0 Dodging
 - Level 8.0 Stealth
 + Level 4.5 Spellcasting
 - Level 3.6 Hexes


You had 4 spell levels left.
You knew the following spells:

 Your Spells              Type           Power        Failure   Level  Hunger
a - Corona                Hex            ###....      3%          1    None
b - Ensorcelled Hibernat  Hex/Ice        ##....       11%         2    ##.....
c - Confusing Touch       Hex            ###.....     10%         3    ###....
d - Tukima's Dance        Hex            ###.....     10%         3    ###....

Your spell library contained the following spells:

 Spells                   Type           Power        Failure   Level  Hunger
 Dazzling Flash           Conj/Hex       ##....       22%         3    ###....


Dungeon Overview and Level Annotations

Branches:
Dungeon (3/15)

Altars:
Ashenzari
Hepliaklqana
Makhleb
Trog
Wu Jian
The Shining One


Innate Abilities, Weirdness & Mutations

You are very small and have problems with some larger weapons.
You are too small for most types of armour.
You have supernaturally acute eyesight. (SInv)
You are a herbivore.
You cover ground extremely quickly.
You need to consume almost no food.


Message History

The gnoll throws a throwing net.
The throwing net closely misses you.
Casting: Ensorcelled Hibernation (safe; 11% risk of failure)
Confirm with . or Enter, or press ? or * to list all spells.
Aiming: Ensorcelled Hibernation (safe; 11% risk of failure)
Press: ? - help, Shift-Dir - straight line, f - gnoll
Aim: a gnoll, wielding a +0 halberd (chance to defeat MR: 50%)
The gnoll resists with some effort.
You are feeling hungry.
The gnoll completely misses you. The gnoll completely misses you.
You hit the gnoll.
The gnoll is poisoned.
The gnoll is lightly wounded.
The gnoll completely misses you. The gnoll closely misses you.
You hit the gnoll but do no damage.
The gnoll looks as sick as possible!
The gnoll is moderately wounded.
The gnoll hits you but does no damage.
You hit the gnoll but do no damage.
The gnoll looks as sick as possible!
The gnoll is moderately wounded.
The gnoll hits you from afar with a +1 spear of freezing!
You die...

...# #######.....### #...
###...........##. #....
................ ##...#
#.............. #. ... #..#.#
#.............. ##.#(#. #..#.#
#.............. ..g#.. ##..#.#
#<............. #8g8o
#...#.#####....[).....##† #g...
##..#.gg@....(([)........ ...
##...o#########.#....##†
######.####†#...........###......
........g(.(#.r.#......# ##..#..
..#####.##g.#.#.......# ##....
#.o..og..#.....# ##...
####g###......## ##.# #.# .....##
#. #.# ##..##


You could see 2 gnolls and an orc.

Vanquished Creatures
  An iron imp (D:2)
  Robin (D:2)
  4 adders
  An ooze (D:2)
  A worm (D:2)
  3 dart slugs
  2 leopard geckos (D:1)
  8 orcs
  7 giant cockroaches
  13 goblins
  6 hobgoblins
  9 kobolds
  A quokka (D:2)
  6 bats
  3 frilled lizards
  4 rats
70 creatures vanquished.

Notes
Turn   | Place    | Note
-------+----------+-------------------------------------------
     0 | D:1      | Econoterrorist the Spriggan Enchanter began the quest for
                  | the Orb.
     0 | D:1      | Reached XP level 1. HP: 9/9 MP: 5/5
    89 | D:1      | Reached skill level 5 in Stealth
   202 | D:1      | Reached XP level 2. HP: 13/13 MP: 6/6
   206 | D:1      | Learned a level 2 spell: Ensorcelled Hibernation
   429 | D:1      | Reached skill level 6 in Stealth
   577 | D:2      | Reached XP level 3. HP: 16/16 MP: 1/8
   599 | D:2      | Found a shattered altar of Ashenzari.
  1096 | D:2      | Reached skill level 7 in Stealth
  1460 | D:2      | Found a bloodstained altar of Trog.
  1466 | D:2      | Reached XP level 4. HP: 21/21 MP: 9/9
  1545 | D:2      | Found a hazy altar of Hepliaklqana.
  1551 | D:2      | Noticed Robin
  1594 | D:2      | Reached skill level 8 in Stealth
  1621 | D:2      | Killed Robin
  1851 | D:2      | Found a burning altar of Makhleb.
  1896 | D:1      | Learned a level 3 spell: Confusing Touch
  1903 | D:1      | Learned a level 3 spell: Tukima's Dance
  2273 | D:2      | Found a glowing golden altar of the Shining One.
  2293 | D:2      | Found an ornate altar of the Wu Jian Council.
  2362 | D:2      | Reached XP level 5. HP: 24/24 MP: 10/12
  2608 | D:3      | Slain by a gnoll

Levels and vault maps discovered:
D:1:      giann_wishing_wells, layout_rooms
D:2:      layout_basic, bloody_trog, tso_altar, overflow_temple_1_default,
          old_standard_altar, makhleb_grotto_becter, minmay_misc_feat_columns,
          evilmike_ruin_ashenzari, uniq_robin
D:3:      minmay_inner_zag, layout_rooms, guppyfry_early_orc_mine, uniq_natasha

Skill      XL: |  1  2  3  4 |
---------------+-------------+-----
Stealth        | 5 6 7 8 |  8.0
Spellcasting   | 4 |  4.5
Short Blades   | |  1.1
Dodging        | |  3.0
Hexes          | |  3.6

Action                   |  1- 3 |  4- 6 || total
-------------------------+-------+-------++-------
Melee: Dagger            |    89 |    73 ||   162
 Cast: Corona            |     6 |       ||     6
       Ensorcelled Hiber |    22 |    29 ||    51
       Confusing Touch   |       |     1 ||     1
  Use: Scroll            |       |     1 ||     1
 Stab: Sleeping          |    24 |    25 ||    49
  Eat: Ration            |       |     1 ||     1
Armor: Robe              |     8 |     8 ||    16
Dodge: Dodged            |    69 |    66 ||   135

Table legend:
 A = Non-vault XP
 B = Vault XP
 C = Vault XP percentage of total XP
 D = Non-vault monster count
 E = Vault monster count
 F = Vault count percentage of total count
                 A         B        C        D         E       F
            +---------+---------+-------+---------+---------+-------
      Total |     173 |      74 |  30.0 |      59 |      11 |  15.7
            +---------+---------+-------+---------+---------+-------
        D:1 |      36 |       0 |   0.0 |      20 |       0 |   0.0
        D:2 |      98 |      66 |  40.2 |      28 |       8 |  22.2
        D:3 |      39 |       8 |  17.0 |      11 |       3 |  21.4
            +---------+---------+-------+---------+---------+-------
